[Event "AZE-ch Men 2019"]
[Site "Baku"]
[Date "2019.01.20"]
[Round "5"]
[White "Jafarli, Babak"]
[Black "Isgandarov, Shahriyar"]
[Result "1-0"]
[ECO "A50"]
[WhiteElo "2128"]
[BlackElo "2113"]
[Annotator "ChessBase"]
[PlyCount "93"]
[EventDate "2019.01.16"]
[EventType "swiss"]
[EventCountry "AZE"]
[SourceTitle "playchess.com"]
[Source "ChessBase"]
[SourceQuality "1"]
[TimeControl "40/5400+30:1800+30"]

1. d4 Nf6 2. c4 c6 3. Nf3 d5 4. g3 Bf5 5. Nc3 e6 6. Bg2 Bd6 7. O-O h6 8. Re1 Nbd7 9. Nh4 Bh7 10. e4 dxe4 11. Nxe4 Nxe4 12. Bxe4 Bxe4 13. Rxe4 Nf6 14. Re2 O-O 15. b3 Qa5 16. a3 Rad8 17. Bb2 Qg5 18. Qc2 Ng4 19. Rae1 c5 20. Nf3 Qh5 21. dxc5 Bxc5 22. b4 Bb6 23. c5 Bc7 24. Kg2 Qd5 25. Re4 f5 26. Rd4 Qc6 27. b5 Qxb5 28. Rxe6 Rxd4 29. Bxd4 Bd8 30. h3 Nf6 31. Qxf5 Qd7 32. Bxf6 Bxf6 33. Qe4 Rc8 34. Rd6 Qf7 35. Qf5 Rc7 36. Ne5 Qe8 37. Nd3 Rf7 38. Qd5 Kh8 39. Nf4 Kh7 40. Re6 Qd7 41. Qe4+ Kg8 42. Ng6 Rf8 43. Nxf8 Kxf8 44. Rd6 Qc7 45. Qe6 Be7 46. Rd7 Qxc5 47. Rxb7 1-0

[Event "AZE-ch Men 2019"]
[Site "Baku"]
[Date "2019.01.20"]
[Round "5"]
[White "Ahadzade, Kanan"]
[Black "Babazada, Khazar"]
[Result "1-0"]
[ECO "E63"]
[WhiteElo "2019"]
[BlackElo "2299"]
[Annotator "ChessBase"]
[PlyCount "103"]
[EventDate "2019.01.16"]
[EventType "swiss"]
[EventCountry "AZE"]
[SourceTitle "playchess.com"]
[Source "ChessBase"]
[SourceQuality "1"]
[TimeControl "40/5400+30:1800+30"]

1. d4 Nf6 2. c4 g6 3. Nf3 Bg7 4. g3 O-O 5. Bg2 d6 6. O-O Nc6 7. Nc3 a6 8. e4 Rb8 9. a4 Bg4 10. Be3 e5 11. d5 Ne7 12. Qc2 Bxf3 13. Bxf3 Nd7 14. Bg2 f5 15. f3 f4 16. Bf2 fxg3 17. hxg3 Nf6 18. Bh3 Qe8 19. Be3 c5 20. Qh2 h5 21. Be6+ Kh7 22. f4 exf4 23. Bxf4 Rd8 24. g4 Nc8 25. Rae1 Nb6 26. e5 dxe5 27. Bxe5 Nxc4 28. Bxf6 Bxf6 29. gxh5 Kg7 30. h6+ Kh8 31. Rxf6 Rxf6 32. Qh4 Qe7 33. Qxc4 Rdf8 34. Qg4 Qc7 35. Qg5 c4 36. Qe3 Rf4 37. Qe5+ Qxe5 38. Rxe5 Rf1+ 39. Kg2 R1f2+ 40. Kg3 Rxb2 41. d6 Rb3 42. Re3 b5 43. Nd5 b4 44. d7 Rxe3+ 45. Nxe3 c3 46. Nc2 a5 47. Kg4 Rd8 48. Nd4 Kh7 49. Kg5 Rf8 50. Nb3 c2 51. Nc1 Rb8 52. Kf6 1-0

[Event "AZE-ch Men 2019"]
[Site "Baku"]
[Date "2019.01.20"]
[Round "5"]
[White "Guliyev, Gasan"]
[Black "Novruzov, Emin"]
[Result "1/2-1/2"]
[ECO "D04"]
[WhiteElo "1997"]
[BlackElo "1910"]
[Annotator "NA"]
[PlyCount "180"]
[EventDate "2019.01.16"]
[EventType "swiss"]
[EventCountry "AZE"]
[SourceTitle "playchess.com"]
[Source "ChessBase"]
[SourceQuality "1"]
[TimeControl "40/5400+30:1800+30"]

1. d4 d5 2. Nf3 Nf6 3. e3 Bg4 4. Be2 e6 5. O-O Be7 6. b3 O-O 7. Bb2 Ne4 8. Nfd2 Bxe2 9. Qxe2 Nxd2 10. Nxd2 f5 11. Qb5 Qc8 12. f3 Nd7 13. e4 Nf6 14. Rae1 Re8 15. Re2 Qd7 16. Qxb7 a6 17. exd5 exd5 18. Rfe1 Reb8 19. Rxe7 Rxb7 20. Rxd7 Nxd7 21. Nf1 Nf6 22. Ng3 g6 23. Ne2 Re8 24. Kf2 c6 25. Rd1 Rbe7 26. Rd2 Kf7 27. Nc1 Nd7 28. Nd3 Re6 29. Kf1 g5 30. a4 Kg6 31. h3 f4 32. Kf2 Kf5 33. a5 h5 34. Kf1 Nf6 35. Ne5 g4 36. hxg4+ hxg4 37. Ke2 g3 38. Rd1 Rh8 39. Rg1 Nd7 40. Kd3 Nxe5+ 41. dxe5 Rh2 42. c4 Reh6 43. cxd5 cxd5 44. b4 Rh1 45. Rxh1 Rxh1 46. b5 axb5 47. Kd4 Rd1+ 48. Kc3 d4+ 49. Kc2 Rg1 50. a6 Rxg2+ 51. Kb3 Rxb2+ 52. Kxb2 g2 53. a7 g1=Q 54. a8=Q Qf2+ 55. Kb3 Qe3+ 56. Kb4 Qxe5 57. Qf8+ Kg6 58. Qg8+ Kh6 59. Qf8+ Kh5 60. Qg8 Kh6 61. Qf8+ Kh5 62. Qg8 Qd6+ 63. Kxb5 d3 64. Qh7+ Kg5 65. Qg7+ Kf5 66. Qf7+ Ke5 67. Qg7+ Kd5 68. Qg5+ Kd4 69. Qg1+ Kd5 70. Qg8+ Ke5 71. Qg5+ Ke6 72. Qg6+ Kd7 73. Qh7+ Kc8 74. Qh8+ Kc7 75. Qc3+ Kb7 76. Qg7+ Qc7 77. Qd4 Qc6+ 78. Kb4 Qxf3 79. Kc3 Kc6 80. Qxd3 Qg3 81. Kd4 Qg7+ 82. Ke4 Qg6+ 83. Kd4 Qg7+ 84. Ke4 Qh7+ 85. Kd4 Qh4 86. Qg6+ Kd7 87. Qf5+ Ke7 88. Ke4 f3+ 89. Kxf3 Qf6 90. Qxf6+ Kxf6 1/2-1/2

[Event "AZE-ch Men 2019"]
[Site "Baku"]
[Date "2019.01.20"]
[Round "5"]
[White "Allahverdiyeva, Ayan"]
[Black "Guliev, Logman"]
[Result "1/2-1/2"]
[ECO "B89"]
[WhiteElo "1975"]
[BlackElo "2322"]
[Annotator "ChessBase"]
[PlyCount "92"]
[EventDate "2019.01.16"]
[EventType "swiss"]
[EventCountry "AZE"]
[SourceTitle "playchess.com"]
[Source "ChessBase"]
[SourceQuality "1"]
[TimeControl "40/5400+30:1800+30"]

1. e4 c5 2. Nf3 d6 3. d4 cxd4 4. Nxd4 Nf6 5. Nc3 Nc6 6. Bc4 e6 7. Be3 a6 8. Bb3 Be7 9. Qe2 Na5 10. g4 Nxb3 11. axb3 d5 12. e5 Ne4 13. f3 Bh4+ 14. Kd1 Nxc3+ 15. bxc3 O-O 16. f4 f6 17. Kd2 fxe5 18. fxe5 Bd7 19. Rhf1 Qc7 20. Rxf8+ Rxf8 21. Rf1 Rxf1 22. Qxf1 Be7 23. Qf4 a5 24. Nf3 Be8 25. Qd4 Bd8 26. Ng5 Qd7 27. Kc1 b5 28. Kb2 Bg6 29. Nh3 Bc7 30. Nf4 Be4 31. Qa7 b4 32. Bb6 bxc3+ 33. Ka2 Bxc2 34. Qxc7 Bxb3+ 35. Kxb3 Qb5+ 36. Kxc3 Qb4+ 37. Kd3 Qe4+ 38. Kc3 Qb4+ 39. Kd3 Qe4+ 40. Kc3 Qb4+ 41. Kd3 Qe4+ 42. Kc3 Qb4+ {Kb3 Qb5+ Kc3 Qb4+} 43. Kd3 Qe4+ 44. Kc3 Qb4+ 45. Kc2 Qa4+ 46. Kc3 Qb4+ 1/2-1/2

[Event "AZE-ch Men 2019"]
[Site "Baku"]
[Date "2019.01.21"]
[Round "6"]
[White "Bajarani, Ulvi"]
[Black "Zeynalov, Farid"]
[Result "1/2-1/2"]
[ECO "D80"]
[WhiteElo "2421"]
[BlackElo "2344"]
[Annotator "RC"]
[PlyCount "80"]
[EventDate "2019.01.16"]
[EventType "swiss"]
[EventCountry "AZE"]
[SourceTitle "playchess.com"]
[Source "ChessBase"]
[SourceQuality "1"]
[TimeControl "40/5400+30:1800+30"]

1. d4 Nf6 2. c4 g6 3. Nc3 d5 4. Bg5 Ne4 5. Bh4 Nxc3 6. bxc3 dxc4 7. e3 Be6 8. Be2 Bg7 9. Nh3 O-O 10. Nf4 Bc8 11. Bxc4 c5 12. O-O Nc6 13. Rc1 Qd6 14. Bg3 e5 15. Nd3 cxd4 16. cxd4 Qe7 17. Nxe5 Nxe5 18. dxe5 Bxe5 19. Bxe5 Qxe5 20. Qb3 Rb8 21. Rfd1 Bf5 22. Bd5 Qe7 23. f3 Rbc8 24. e4 Rxc1 25. Rxc1 Rc8 26. Rd1 Be6 27. Bxe6 fxe6 28. h3 Rc7 29. Kh1 Rd7 30. Rc1 Kg7 31. Qc3+ Qf6 32. Qc8 Rf7 33. Rd1 Qe5 34. Qc1 b5 35. Rd8 b4 36. Qd1 a5 37. Rd3 g5 38. Rd7 Rxd7 39. Qxd7+ Kh6 40. Qf7 Qa1+ 1/2-1/2

[Event "AZE-ch Men 2019"]
[Site "Baku"]
[Date "2019.01.21"]
[Round "6"]
[White "Abdulov, Orkhan"]
[Black "Muradli, Mahammad"]
[Result "0-1"]
[ECO "B06"]
[WhiteElo "2395"]
[BlackElo "2432"]
[Annotator "ChessBase"]
[PlyCount "78"]
[EventDate "2019.01.16"]
[EventType "swiss"]
[EventCountry "AZE"]
[SourceTitle "playchess.com"]
[Source "ChessBase"]
[SourceQuality "1"]
[TimeControl "40/5400+30:1800+30"]

1. e4 d6 2. d4 g6 3. Nc3 Bg7 4. Be3 a6 5. Qd2 b5 6. Bd3 Nd7 7. f4 Bb7 8. Nf3 c5 9. dxc5 Nxc5 10. a3 Rc8 11. O-O Nf6 12. e5 dxe5 13. Bxc5 Rxc5 14. fxe5 Ng4 15. Rad1 Qb6 16. Kh1 O-O 17. Ne4 Rd5 18. Qg5 Ne3 19. Qxe7 Nxd1 20. Rxd1 Rdd8 21. Re1 Rfe8 22. Qh4 Bxe4 23. Rxe4 f5 24. Re1 Rd7 25. a4 Qc5 26. axb5 axb5 27. b4 Qd5 28. Ra1 Bxe5 29. Ra5 Kg7 30. Rxb5 Qd6 31. Qe1 Rde7 32. Qd2 Bxh2 33. g4 fxg4 34. Nxh2 Re1+ 35. Kg2 Qc6+ 36. Kf2 g3+ 37. Kxg3 Rg1+ 38. Kh3 Re3+ 39. Qxe3 Qg2+ 0-1

[Event "AZE-ch Men 2019"]
[Site "Baku"]
[Date "2019.01.21"]
[Round "6"]
[White "Shahaliyev, Ismayil"]
[Black "Ahadzade, Kanan"]
[Result "1-0"]
[ECO "C62"]
[WhiteElo "2389"]
[BlackElo "2019"]
[Annotator "ChessBase"]
[PlyCount "81"]
[EventDate "2019.01.16"]
[EventType "swiss"]
[EventCountry "AZE"]
[SourceTitle "playchess.com"]
[Source "ChessBase"]
[SourceQuality "1"]
[TimeControl "40/5400+30:1800+30"]

1. e4 e5 2. Nf3 Nc6 3. Bb5 d6 4. O-O g6 5. d4 Bd7 6. dxe5 dxe5 7. Nc3 Bg7 8. Nd5 h6 9. b3 Nd4 10. Bxd7+ Qxd7 11. Nxd4 exd4 12. Bb2 c5 13. b4 b6 14. Qf3 Ne7 15. Nf6+ Bxf6 16. Qxf6 O-O 17. c3 Qe6 18. Qxe6 fxe6 19. bxc5 dxc3 20. Bxc3 bxc5 21. Rfc1 Rfc8 22. Rab1 Rab8 23. Rxb8 Rxb8 24. Be5 Rb6 25. Bf4 Ra6 26. h4 Ra4 27. Rxc5 Rxe4 28. Bxh6 Nd5 29. Bg5 Ra4 30. Rc2 Kf7 31. g3 e5 32. Rc5 Ke6 33. Rc6+ Kf5 34. Rd6 Ra5 35. Kg2 e4 36. a3 Ke5 37. Rxg6 Rxa3 38. h5 Kf5 39. g4+ Ke5 40. h6 e3 41. h7 1-0

[Event "AZE-ch Men 2019"]
[Site "Baku"]
[Date "2019.01.21"]
[Round "6"]
[White "Davidov, Samir"]
[Black "Bashirli, Nail"]
[Result "1/2-1/2"]
[ECO "B50"]
[WhiteElo "2344"]
[BlackElo "2324"]
[Annotator "ChessBase"]
[PlyCount "101"]
[EventDate "2019.01.16"]
[EventType "swiss"]
[EventCountry "AZE"]
[SourceTitle "playchess.com"]
[Source "ChessBase"]
[SourceQuality "1"]
[TimeControl "40/5400+30:1800+30"]

1. e4 c5 2. Nf3 d6 3. d3 Nc6 4. g3 g6 5. Bg2 Bg7 6. O-O Bg4 7. h3 Bxf3 8. Bxf3 h5 9. c3 h4 10. g4 e5 11. Bg2 Bh6 12. f4 exf4 13. Bxf4 Bxf4 14. Rxf4 g5 15. Rf2 Nge7 16. Qb3 O-O 17. Nd2 Ng6 18. e5 Nf4 19. Rxf4 gxf4 20. Qxb7 Nxe5 21. Qxa8 Qxa8 22. Bxa8 Rxa8 23. Rd1 Re8 24. Ne4 Re6 25. Kf2 f6 26. b3 Kg7 27. c4 Kg6 28. Ke2 Nf7 29. Kf3 Ng5+ 30. Kxf4 Nxh3+ 31. Kf3 Ng5+ 32. Kf4 Re7 33. a3 Nxe4 34. dxe4 Rh7 35. Rxd6 h3 36. Rd1 h2 37. Rh1 a5 38. e5 fxe5+ 39. Kxe5 Kg5 40. Kd5 Kxg4 41. Kxc5 Kg3 42. Kb6 Kg2 43. Rxh2+ Rxh2 44. Kxa5 Kf3 45. a4 Ke4 46. Kb5 Rh5+ 47. Kb6 Rh6+ 48. Kb5 Kd4 49. a5 Rh5+ 50. Kb6 Rh6+ 51. Kb5 1/2-1/2

[Event "AZE-ch Men 2019"]
[Site "Baku"]
[Date "2019.01.21"]
[Round "6"]
[White "Guliev, Sarhan"]
[Black "Gadimbayli, Abdulla"]
[Result "0-1"]
[ECO "A40"]
[WhiteElo "2342"]
[BlackElo "2409"]
[Annotator "ChessBase"]
[PlyCount "76"]
[EventDate "2019.01.16"]
[EventType "swiss"]
[EventCountry "AZE"]
[SourceTitle "playchess.com"]
[Source "ChessBase"]
[SourceQuality "1"]
[TimeControl "40/5400+30:1800+30"]

1. d4 e6 2. c4 b6 3. a3 Bb7 4. Nc3 Nf6 5. Nf3 d5 6. cxd5 Nxd5 7. e3 Nxc3 8. bxc3 Be7 9. Bb5+ c6 10. Bd3 O-O 11. O-O c5 12. Qe2 Nc6 13. Bb2 Na5 14. Rad1 c4 15. Bb1 b5 16. Ne5 Bd6 17. f4 Qe7 18. e4 Rad8 19. Rf3 f6 20. Ng4 f5 21. Ne5 Bxe5 22. fxe5 fxe4 23. Bxe4 Bxe4 24. Qxe4 Rxf3 25. gxf3 Nb3 26. Kh1 Nc5 27. Qc6 Nd3 28. Rd2 Qf7 29. a4 Nxe5 30. Qe4 Qxf3+ 31. Qxf3 Nxf3 32. Rf2 Ne1 33. Ba3 Nd3 34. Re2 Nf4 35. Re4 Nd5 36. Rxe6 Nxc3 37. a5 Nd5 38. Bc5 Rd7 0-1

[Event "AZE-ch Men 2019"]
[Site "Baku"]
[Date "2019.01.21"]
[Round "6"]
[White "Abbasov, Amil"]
[Black "Allahverdiyeva, Ayan"]
[Result "1-0"]
[ECO "B51"]
[WhiteElo "2190"]
[BlackElo "1975"]
[Annotator "NA"]
[PlyCount "89"]
[EventDate "2019.01.16"]
[EventType "swiss"]
[EventCountry "AZE"]
[SourceTitle "playchess.com"]
[Source "ChessBase"]
[SourceQuality "1"]
[TimeControl "40/5400+30:1800+30"]

1. e4 c5 2. Nf3 d6 3. Bb5+ Nd7 4. O-O a6 5. Bxd7+ Bxd7 6. d4 cxd4 7. Qxd4 Rc8 {[%emt 0:00:55] B51: Sicilian: Moscow Variation (3 Bb5+) without 3...Bd7} (7... Qc7 8. Nc3 e6 9. Bf4 Bc6 10. Rad1 Rd8 11. Nd5 exd5 12. exd5 Bb5 13. Rfe1+ Ne7 14. Ng5 h6 15. Ne4 {1-0 (77) Naiditsch,A (2721)-Wojtaszek,R (2727) Douglas 2018}) 8. c4 Qc7 9. b3 e5 10. Qd3 b5 11. Nbd2 Nf6 12. Rd1 $146 ({Predecessor:} 12. Ba3 Be7 13. Rfc1 Qb8 14. cxb5 Bxb5 15. Rxc8+ Qxc8 16. Nc4 O-O 17. Nfxe5 Re8 18. Nf3 d5 19. Bxe7 dxc4 20. bxc4 {½-½ (20) Breder,D (2463)-Sadzikowski,D (2538) Germany 2016}) 12... Be7 13. Ba3 Qb6 14. Rac1 b4 15. Bb2 O-O 16. Nf1 Bc6 17. Ng3 Rfd8 18. Qe2 Qb7 19. Nd2 Nd7 20. Nf5 Bf8 21. Re1 Nc5 22. Rcd1 g6 23. Ng3 Ne6 24. Ndf1 Bg7 25. Qd2 h5 26. f3 h4 27. Nh1 $1 {[%emt 0:01:06] [#]} h3 $1 28. g3 Kh7 ({Better is} 28... a5 $15) 29. Nf2 Bh6 ({Black should try} 29... f5 $11) 30. Qd3 (30. Ne3 $16) 30... f5 31. Nd2 Ng5 32. Qf1 Rf8 33. Nxh3 Nxe4 34. Nb1 Ng5 35. Nxg5+ Bxg5 36. Qh3+ Bh6 37. Rxd6 Bxf3 38. Bc1 Bh5 39. Bxh6 Kxh6 40. Rxe5 Rce8 $2 (40... Qa7+ $11 {and Black has nothing to worry.} 41. Kg2 Rcd8 42. Rxg6+ Kxg6 43. Re6+ Rf6 44. Rxf6+ Kxf6 45. Qh4+ (45. Qxh5 $2 Qa8+ 46. Kg1 Qe4 $19) 45... Kg6 46. Qxd8 Qe3 47. Qd6+ {[%mdl 64] Double Attack} Kg7) 41. g4 Qa7+ 42. c5 Rxe5 43. Qxh5+ $18 Kg7 44. Rxg6+ Kf7 45. Rxa6+ 1-0

[Event "AZE-ch Men 2019"]
[Site "Baku"]
[Date "2019.01.21"]
[Round "6"]
[White "Ilyasli, Ughur"]
[Black "Babazada, Khazar"]
[Result "0-1"]
[ECO "A88"]
[WhiteElo "2148"]
[BlackElo "2299"]
[Annotator "NA"]
[PlyCount "92"]
[EventDate "2019.01.16"]
[EventType "swiss"]
[EventCountry "AZE"]
[SourceTitle "playchess.com"]
[Source "ChessBase"]
[SourceQuality "1"]
[TimeControl "40/5400+30:1800+30"]

1. Nf3 f5 2. d4 Nf6 3. c4 g6 4. g3 Bg7 5. Bg2 O-O 6. O-O d6 7. Nc3 c6 8. Re1 Ne4 9. Qb3 {[%emt 0:24:39] LiveBook: 5 Games A88: Dutch Defence: Leningrad System: 5 Nf3 0-0 6 0-0 d6 7 Nc3 c6} (9. Qc2 Nxc3 10. bxc3 e5 11. e4 fxe4 12. Qxe4 Bf5 13. Qe3 Nd7 14. Ba3 Nb6 15. Qe2 Re8 16. dxe5 dxe5 17. Rad1 {0-1 (34) Vachier Lagrave,M (2745)-Ponomariov,R (2731) Beijing 2013}) 9... Kh8 10. Bf4 Qa5 $146 ({Predecessor:} 10... Na6 11. Rad1 Nxc3 12. Qxc3 Nc5 13. Qc1 Ne4 14. Bh6 Be6 15. Bxg7+ Kxg7 16. b3 Bf7 {½-½ (37) Ghaem Maghami,E (2574)-Potapov,P (2493) Doha 2016}) 11. c5 d5 12. Nxe4 fxe4 13. Ne5 Na6 14. h4 Nc7 15. Bg5 Ne6 16. Bxe7 Re8 17. Bd6 Nxd4 18. Qd1 Nf5 ({But not} 18... Rxe5 19. Qxd4 Re8 20. Qe3 $17) 19. b4 Qa3 ({Don't take} 19... Qxb4 20. Rb1 $19) 20. Nf7+ Kg8 21. Ng5 h6 22. Nh3 e3 23. f3 Nxd6 24. cxd6 Qxb4 25. d7 Bxd7 26. Rb1 Qd6 27. f4 b5 28. Kh2 Rad8 29. Ng1 g5 30. Nf3 gxf4 31. g4 d4 32. g5 h5 33. a4 a6 34. axb5 axb5 35. Qd3 Qe6 36. Rh1 c5 37. Rxb5 c4 38. Qb1 Bxb5 39. Qxb5 d3 40. g6 Qd5 41. Qa6 d2 42. Ng5 f3 43. Bxf3 $19 Qd6+ 44. Qxd6 Rxd6 45. Bxh5 d1=Q 46. Rxd1 Rxd1 0-1

[Event "AZE-ch Men 2019"]
[Site "Baku"]
[Date "2019.01.21"]
[Round "6"]
[White "Isgandarov, Shahriyar"]
[Black "Novruzov, Emin"]
[Result "0-1"]
[ECO "B03"]
[WhiteElo "2113"]
[BlackElo "1910"]
[Annotator "NA"]
[PlyCount "76"]
[EventDate "2019.01.16"]
[EventType "swiss"]
[EventCountry "AZE"]
[SourceTitle "playchess.com"]
[Source "ChessBase"]
[SourceQuality "1"]
[TimeControl "40/5400+30:1800+30"]

1. e4 Nf6 2. e5 Nd5 3. c4 Nb6 4. d4 d6 5. exd6 cxd6 6. Nf3 g6 7. Be2 {[%emt 0:01:00] LiveBook: 40 Games} Bg7 8. O-O O-O 9. b3 Nc6 {[%emt 0:04:43] B04: Alekhine's Defence: 4 Nf3} 10. Bb2 d5 (10... Bg4 11. Nbd2 d5 12. c5 Nd7 13. Rc1 b6 14. b4 bxc5 15. bxc5 Rb8 16. Bc3 Qc7 17. Qa4 Nf6 18. Rfe1 Bxf3 19. Bxf3 {0-1 (28) Hansen,M (2306)-Rozentalis,E (2611) Odense 2013}) 11. c5 Nd7 12. b4 $146 ({Predecessor:} 12. Nc3 $11 b6 13. cxb6 Nxb6 14. h3 a5 15. Bb5 Bd7 16. Bxc6 Bxc6 {½-½ (75) Abarca Gonzalez,N (2170)-Michel Yunis,C (2340) Santiago de Chile 2012}) 12... Nxb4 13. Qb3 a5 14. a3 Na6 (14... Nc6 $17 15. Nbd2 e5 16. Nxe5 Ndxe5 17. dxe5 Nxe5) 15. Bxa6 Rxa6 16. Qxd5 Ne5 17. Qe4 Nxf3+ 18. Qxf3 Bxd4 19. Rd1 e5 20. Bxd4 exd4 21. Nc3 Rc6 22. Nd5 Bg4 23. Qe4 Re8 24. Qxd4 Bxd1 25. Rxd1 Qg5 26. f4 Qg4 27. h3 Qe6 28. Kh2 f6 29. Rd3 Kg7 30. Qb2 (30. Qa4 $142) 30... Qf7 31. g4 Rd8 32. Qd4 Rc7 33. g5 Rcd7 34. gxf6+ Kh8 35. Qe5 Rxd5 36. Rxd5 Qxd5 37. Qe7 Qa2+ 38. Kg3 Rd3+ 0-1

[Event "AZE-ch Men 2019"]
[Site "Baku"]
[Date "2019.01.21"]
[Round "6"]
[White "Guliyev, Gasan"]
[Black "Jafarli, Babak"]
[Result "0-1"]
[ECO "A43"]
[WhiteElo "1997"]
[BlackElo "2128"]
[Annotator "NA"]
[PlyCount "56"]
[EventDate "2019.01.16"]
[EventType "swiss"]
[EventCountry "AZE"]
[SourceTitle "playchess.com"]
[Source "ChessBase"]
[SourceQuality "1"]
[TimeControl "40/5400+30:1800+30"]

1. d4 Nf6 2. Nf3 c5 3. d5 b5 4. a4 Bb7 5. e4 Nxe4 6. axb5 Nf6 7. Nc3 d6 8. Bc4 g6 9. b3 Bg7 10. Bb2 O-O 11. O-O Nbd7 12. Re1 Nb6 13. Ra2 $11 Re8 14. h3 Nfd7 15. Qd3 Nf6 16. Qd2 Qd7 17. Rea1 Bc8 18. Na4 Rb8 19. Nc3 Rb7 20. Ng5 Qc7 21. Nge4 Bd7 22. Nxf6+ exf6 23. Na4 Na8 24. b4 cxb4 25. Qxb4 Re4 26. b6 Rxc4 27. Qe1 Nxb6 28. Nxb6 Qxb6 0-1

[Event "AZE-ch Men 2019"]
[Site "Baku"]
[Date "2019.01.22"]
[Round "7"]
[White "Gadimbayli, Abdulla"]
[Black "Bashirli, Nail"]
[Result "1-0"]
[ECO "B48"]
[WhiteElo "2409"]
[BlackElo "2324"]
[Annotator "NA"]
[PlyCount "60"]
[EventDate "2019.01.16"]
[EventType "swiss"]
[EventCountry "AZE"]
[SourceTitle "playchess.com"]
[Source "ChessBase"]
[SourceQuality "1"]
[TimeControl "40/5400+30:1800+30"]

1. e4 c5 2. Nf3 e6 3. d4 cxd4 4. Nxd4 Nc6 5. Nc3 Qc7 6. Be3 a6 7. Nxc6 bxc6 {[%emt 0:03:42] B48: Sicilian: Taimanov: 5 Nc3 Qc7 6 Be3 a6 without Be2} 8. g3 Nf6 9. Bg2 Be7 10. O-O O-O 11. Na4 {[%emt 0:04:14] LiveBook: 5 Games} d5 12. Bb6 $146 ({Predecessor:} 12. exd5 cxd5 13. c4 Bb7 14. Nb6 Rad8 15. cxd5 Nxd5 16. Nxd5 Bxd5 17. Bxd5 Rxd5 {½-½ (39) Atlas,V (2480)-Ribli,Z (2585) Austria 2006}) 12... Qb8 13. Re1 Nxe4 14. Bxe4 dxe4 15. Qd4 c5 16. Bxc5 Rd8 17. Qxe4 Bb7 18. Qe3 Bf6 19. Nb6 Qc7 20. Nxa8 Qc6 21. f3 Rd5 22. Ba7 h5 23. Rad1 Rf5 24. Qe4 Qc8 25. Nb6 Qc5+ 26. Qe3 Qc6 27. Rf1 Bg5 28. Qd3 Qc7 $18 29. Na4 h4 30. Be3 hxg3 1-0

[Event "AZE-ch Men 2019"]
[Site "Baku"]
[Date "2019.01.22"]
[Round "7"]
[White "Shahaliyev, Ismayil"]
[Black "Davidov, Samir"]
[Result "1-0"]
[ECO "B07"]
[WhiteElo "2389"]
[BlackElo "2344"]
[Annotator "NA"]
[PlyCount "147"]
[EventDate "2019.01.16"]
[EventType "swiss"]
[EventCountry "AZE"]
[SourceTitle "playchess.com"]
[Source "ChessBase"]
[SourceQuality "1"]
[TimeControl "40/5400+30:1800+30"]

1. e4 d6 2. d4 Nf6 3. Nc3 Nbd7 4. f4 e5 5. Nf3 c6 6. dxe5 dxe5 7. fxe5 Ng4 {[%emt 0:00:20] B07: Pirc Defence: Miscellaneous Systems} 8. e6 fxe6 9. Ng5 Nde5 10. Qxd8+ Kxd8 11. h3 Nh6 12. Bf4 Nhf7 13. Be2 (13. O-O-O+ Ke7 14. h4 g6 15. Nxf7 Nxf7 {1-0 (36) Filipenko,A (2286)-Yudin,S (2517) Samara 2017}) 13... Be7 14. O-O-O+ Ke8 15. Nxf7 Nxf7 16. e5 $146 Bd7 17. Bh5 g6 18. Be2 Rd8 19. Ne4 Kf8 20. Nd6 Bxd6 21. exd6 e5 22. Be3 Be6 23. Bxa7 Kg7 24. Bc5 Rd7 25. Rd2 Ra8 26. a3 Ng5 27. Bd3 Ra5 28. Bb4 Rd5 29. c4 Rxd3 30. Rxd3 Bxc4 31. Re3 Nf7 32. Bc3 Kf6 33. Rhe1 Ke6 34. Bxe5 Nxe5 35. Rxe5+ Kxd6 36. Rd1+ Bd5 37. Re2 Rf7 38. Kc2 Kc5 39. Rdd2 b5 40. Rf2 Ra7 41. Rde2 b4 42. Re3 bxa3 43. bxa3 Kd4 44. Rd3+ Ke5 45. Re3+ Kd4 46. Rd3+ Ke5 47. Re2+ Kd6 48. Rg3 Kc5 49. Rf2 Kd6 50. Rf4 Re7 51. Kd2 Rb7 52. Rb4 Re7 53. Rgg4 Kc5 54. Rb2 $18 Kd6 55. h4 Ra7 56. a4 Kc5 57. Rc2+ Kb6 58. g3 c5 59. Rb2+ Kc6 60. Rf4 Be6 61. Kc3 Bf5 62. g4 Bc8 63. Rb8 Be6 64. Re8 Kd5 65. g5 Bh3 66. Re3 Bc8 67. Re1 Be6 68. Ra1 Bf5 69. a5 Ra6 70. Rf2 c4 71. Rf4 Ke5 72. Rxc4 Be6 73. Rb4 Rc6+ 74. Kb2 1-0

[Event "AZE-ch Men 2019"]
[Site "Baku"]
[Date "2019.01.22"]
[Round "7"]
[White "Zeynalov, Farid"]
[Black "Guliev, Logman"]
[Result "1/2-1/2"]
[ECO "E16"]
[WhiteElo "2344"]
[BlackElo "2322"]
[Annotator "NA"]
[PlyCount "173"]
[EventDate "2019.01.16"]
[EventType "swiss"]
[EventCountry "AZE"]
[SourceTitle "playchess.com"]
[Source "ChessBase"]
[SourceQuality "1"]
[TimeControl "40/5400+30:1800+30"]

1. d4 Nf6 2. c4 e6 3. Nf3 Bb4+ 4. Bd2 Qe7 5. g3 b6 6. Bg2 Bb7 7. O-O Bxd2 8. Qxd2 O-O 9. Nc3 Ne4 10. Nxe4 Bxe4 11. Qf4 {[%emt 0:00:20] E16: Queen's Indian: 4 g3 Bb7 5 Bg2 Bb4+} Bxf3 12. Bxf3 c6 13. a3 Na6 $146 ({Predecessor:} 13... a5 14. Qc7 Qd8 15. Qd6 Na6 16. Rfd1 Nc7 17. Rac1 Ne8 18. Qf4 Rc8 {1-0 (66) Bermejo Collado,J (2313)-Gonzalez Rodriguez,J (2431) Alcala de Henares 2006}) 14. d5 e5 15. Qe3 Qf6 16. b4 Rad8 17. Qb3 Nc7 18. Qa4 cxd5 19. cxd5 Qd6 20. Rac1 a6 21. e3 f5 $14 22. Qc2 Ne8 23. Qc4 e4 24. Be2 b5 25. Qd4 Nf6 26. Rfd1 h5 27. h4 Ng4 28. Bxg4 hxg4 29. Qc5 Rf6 30. Rc3 Qe5 31. d6 Qxc5 32. Rxc5 Rb8 33. Rc7 Rf7 34. Rd5 Rb6 35. Kf1 g6 36. Ke2 Kg7 37. Kd2 Kf6 38. Rc8 Ke6 39. Rd4 Rc6 40. Rg8 Kf6 41. Re8 Rg7 42. Rd5 Kf7 43. Ree5 Kf6 44. h5 Rf7 45. hxg6 Kxg6 46. Re7 Kf6 47. Rxf5+ Kxf5 48. Rxf7+ Ke6 49. Re7+ Kd5 50. Rg7 Rxd6 51. Rxg4 Ke5+ 52. Ke2 Rc6 53. Rg5+ Kf6 54. Rd5 Ke6 55. Rd2 Rc3 56. Ra2 d5 57. Kf1 Ke5 58. Kg2 d4 59. exd4+ Kxd4 60. Kh3 Kc4 61. Re2 Kd4 62. Ra2 Kc4 63. Kg4 Kb3 64. Re2 Kxa3 65. Rxe4 Rc4 66. Kf5 Kxb4 67. g4 Rxe4 68. Kxe4 Kc3 69. g5 b4 70. g6 b3 71. g7 b2 72. g8=Q b1=Q+ 73. Kf3 Qf5+ 74. Kg2 a5 75. Qg7+ Kc4 76. Qc7+ Kd4 77. Qb6+ Qc5 78. Qb2+ Kd5 79. Qa2+ Kd6 80. f3 Qc3 81. Kf2 Qd4+ 82. Ke2 Qe5+ 83. Kd1 Qh5 84. Qa3+ Kc6 85. Qc3+ Kb6 86. Qb3+ Ka7 87. Qe3+ 1/2-1/2